 Dungeon Crawl Stone Soup version 0.20.1-1-g8b1a95d (webtiles) character file.

4284 Jannitor the Fighter (level 10, -1/97 HPs)
             Began as a Hill Orc Chaos Knight on Aug 5, 2017.
             Slain by an orc knight
             ... wielding a +0 halberd
              (46 damage)
             ... in a bailey on Aug 12, 2017.
             The game lasted 00:15:15 (7662 turns).

Jannitor the Fighter (Hill Orc Chaos Knight)        Turns: 7662, Time: 00:15:16

Health: -1/97      AC: 16    Str: 19      XL:     10   Next: 32%
Magic:  20/20      EV:  6    Int: 14 (15) God:    Xom [..*...]
Gold:   123        SH:  0    Dex: 10      Spells: 9/9 levels left

rFire    . . .     SeeInvis .   o - +2 whip (elec)
rCold    . . .     Gourm    +   (no shield)
rNeg     . . .     Faith    .   u - +0 plate armour
rPois    .         Spirit   .   x - +1 hat {Int+3}
rElec    .         Reflect  .   (no cloak)
rCorr    .         Harm     .   (no gloves)
MR       .....                  (no boots)
Stlth    ..........             j - amulet of the gourmand
Regen    0.3/turn               h - ring of magical power
MPRegen  0.2/turn               (no ring)

@: no status effects
A: rugged brown scales 1, deterioration 1, high mp 1
a: Renounce Religion


You were in a bailey.
You worshipped Xom.
You were a toy of Xom.
You were not hungry.

You visited 1 branch of the dungeon, and saw 7 of its levels.
You also visited: Sewer and Bailey.

You collected 235 gold pieces.
You spent 112 gold pieces at shops.

Inventory:

Hand Weapons
 a - a +0 mace of chaos
 o - a +2 whip of electrocution (weapon)
 H - a +1 flail of protection
Missiles
 e - 311 stones (quivered)
Armour
 b - a +2 leather armour
 k - a +0 helmet
 u - a +0 plate armour (worn)
 x - a +1 hat of intelligence (worn)
 G - a +0 buckler
Jewellery
 h - a ring of magical power (left hand)
 j - an amulet of the gourmand (around neck)
 y - an uncursed ring of ice
Wands
 l - a wand of polymorph (17/24)
Scrolls
 f - a scroll of fog
 g - 9 scrolls of identify
 i - 4 scrolls of remove curse
 t - 3 scrolls of enchant armour
 z - 4 scrolls of teleportation
 B - a scroll of recharging
Potions
 r - 6 potions of flight
Comestibles
 c - 9 bread rations
 d - a fruit
 E - 2 meat rations


   Skills:
 + Level 11.0 Fighting
 + Level 10.1 Maces & Flails
 + Level 9.0 Armour
 - Level 0.7 Dodging


You had 9 spell levels left.
You didn't know any spells.

Dungeon Overview and Level Annotations

Branches:
Dungeon (7/15)             Temple (0/1) D:4

Altars:
Cheibriados
Gozag
Hepliaklqana
Qazlal
Ru
Vehumet
Xom
Yredelemnul

Shops:
D:4 *   D:5 =


Innate Abilities, Weirdness & Mutations

You are partially covered in rugged brown scales. (AC +1, +3% HP)
Your body sometimes deteriorates upon taking damage.
You have an increased reservoir of magic. (+10% MP)


Message History

You hit the orc knight but do no damage.
You hit the orc knight.
The orc knight is lightly wounded.
The orc knight hits you with a halberd!!
You hit the orc knight.
Lightning courses through the orc knight!
The orc knight is moderately wounded.
You hit the orc knight but do no damage.
The orc knight is moderately wounded.
The orc warrior no longer looks unusually strong.
The orc knight roars a battlecry!
The orc warrior goes into a battle-frenzy!
The orc knight hits you but does no damage.
You hit the orc knight but do no damage.
The orc knight is moderately wounded.
You hit the orc knight.
The orc knight is moderately wounded.
The orc knight hits you with a halberd!!!
You die...
Xom howls with laughter!

#.≈.)))).)...##.....##.)...
#.≈)#########'###+#########
#.≈.## ,, ,##......§., ,
#.≈..## , ##..≈≈§≈≈§≈ ,
#.≈≈..## ##..≈≈).§..§≈, *,
#∩.≈≈..#'#..≈≈Jo⌠§⌠..≈≈,
##.≈≈..#'#.§§≈ho.⌠.o. *+
#.≈≈..##.##.§≈§o..§.≈ *
#.≈..##..o@#..§≈≈§≈≈≈,,**,
#.≈.##.....##...§§§.., #.$$
#.≈.#############+##* *####
#.≈......)...##, , , ##
#.≈≈≈≈≈≈≈≈≈≈..##,, #######≈
#..........≈≈..## ##...##..
##########..≈≈..###..≈..##.
##..≈≈.....≈≈...##
##..≈≈≈≈≈≈≈..####


You could see an orc knight, a warg, an orc warrior and a jelly.

Vanquished Creatures
  A two-headed ogre (D:7)
  The ghost of panurg the Cruncher, a novice MiGl of Okawaru (Bailey)
  Pikel (D:6)
  A cyclops (D:6)
  A yak (D:5)
  Edmund (D:6)
  A sky beast (D:6)
  A slave (D:6)
  4 ice beasts
  A phantom (D:7)
  2 centaurs
  A necrophage (D:5)
  An orc warrior (Bailey)
  2 big kobolds
  A crocodile (D:7)
  A bullfrog (D:7)
  2 scorpions
  A howler monkey (D:5)
  2 orc priests (D:7)
  A centaur skeleton (D:7)
  3 hounds
  2 jellies
  2 orc wizards (D:7)
  2 bullfrog skeletons
  2 iguanas
  6 worker ants
  A killer bee zombie (D:6)
  6 adders
  6 gnolls
  A shadow imp (D:6)
  An ooze (D:5)
  A worm (D:3)
  4 dart slugs
  A leopard gecko (D:6)
  16 orcs
  3 giant cockroaches
  9 goblins
  6 hobgoblins
  5 jackals
  13 kobolds
  2 quokkas
  2 ball pythons
  12 bats
  5 frilled lizards
  2 leopard gecko skeletons (D:4)
  5 rats
145 creatures vanquished.

Vanquished Creatures (collateral kills)
  2 goblins (D:7)
  6 kobolds (D:7)
8 creatures vanquished.

Vanquished Creatures (others)
  A slave (D:6)
1 creature vanquished.

Grand Total: 154 creatures vanquished

Notes
Turn   | Place    | Note
-------+----------+-------------------------------------------
     0 | D:1      | Jannitor the Hill Orc Chaos Knight began the quest for the Orb.
     0 | D:1      | Reached XP level 1. HP: 19/19 MP: 1/1
   439 | D:1      | Reached XP level 2. HP: 27/27 MP: 2/2
   502 | D:1      | Reached skill level 4 in Fighting
   767 | D:1      | XOM: divination: detect creatures
   886 | D:1      | XOM: give mutation
   886 | D:1      | Gained mutation: You have large cloven feet. [Xom's grace]
  1490 | D:2      | Reached XP level 3. HP: 33/33 MP: 3/3
  1663 | D:2      | Found a basalt altar of Yredelemnul.
  1957 | D:3      | XOM: potion effect (haste)
  1958 | D:3      | XOM: confuse monster(s)
  1966 | D:3      | Reached XP level 4. HP: 39/41 MP: 4/4
  1978 | D:3      | Found a glowing drain.
  2003 | Sewer    | Entered a sewer
  2006 | Sewer    | Reached skill level 5 in Fighting
  2065 | Sewer    | Noticed a big kobold
  2072 | Sewer    | Killed a big kobold
  2072 | Sewer    | Reached skill level 5 in Maces & Flails
  2072 | Sewer    | Reached XP level 5. HP: 46/48 MP: 5/5
  2101 | Sewer    | Found a white marble altar of Elyvilon.
  2808 | D:4      | XOM: scenery: create altars
  2814 | D:4      | Found Qoemorgh's Assorted Antiques.
  2823 | D:4      | Bought a scroll labeled IFEIGU FEQAMEO for 31 gold pieces
  2823 | D:4      | Bought a smoky ruby potion for 27 gold pieces
  2823 | D:4      | Bought a ruby potion for 27 gold pieces
  2823 | D:4      | Bought a sedimented amethyst potion for 27 gold pieces
  2934 | D:4      | Reached XP level 6. HP: 57/57 MP: 6/6
  2965 | D:4      | Reached skill level 6 in Fighting
  3142 | D:4      | Found a stormy altar of Qazlal.
  3218 | D:4      | Found a staircase to the Ecumenical Temple.
  3379 | D:5      | XOM: noise
  3379 | D:5      | Entered Level 5 of the Dungeon
  3400 | D:5      | Noticed an ice beast
  3420 | D:5      | Killed an ice beast
  3726 | D:5      | Noticed a necrophage
  3736 | D:5      | Killed a necrophage
  3736 | D:5      | Reached XP level 7. HP: 61/64 MP: 7/7
  3787 | D:5      | Found a snail-covered altar of Cheibriados.
  3804 | D:5      | Found Atyeff's Jewellery Shop.
  4162 | D:5      | XOM: harmless Tloc miscast
  4252 | D:5      | Found a radiant altar of Vehumet.
  4349 | D:5      | Found a sacrificial altar of Ru.
  4428 | D:5      | XOM: god gift: black potion {god gift}
  4455 | D:6      | XOM: cloud trail
  4480 | D:6      | XOM: scenery: create altars
  4497 | D:6      | Reached skill level 7 in Fighting
  4614 | D:6      | Found a hazy altar of Hepliaklqana.
  4625 | D:6      | XOM: mild Erth miscast
  4645 | D:6      | XOM: god gift: bread ration
  4671 | D:6      | Noticed Edmund
  4700 | D:6      | Killed Edmund
  4764 | D:6      | XOM: scenery: 1 doors open
  4814 | D:6      | Reached XP level 8. HP: 66/73 MP: 8/8
  4931 | D:6      | Reached skill level 5 in Armour
  4993 | D:6      | Noticed Pikel
  5003 | D:6      | XOM: potion effect (agility)
  5007 | D:6      | XOM: enchant monster (good)
  5013 | D:6      | Killed Pikel
  5013 | D:6      | Reached skill level 8 in Fighting
  5115 | D:6      | Noticed a cyclops
  5116 | D:6      | Noticed a yak
  5119 | D:6      | XOM: cast spell 'Death Channel'
  5128 | D:5      | XOM: harmless Pois miscast
  5140 | D:5      | Killed a yak
  5167 | D:5      | XOM: noise
  5256 | D:5      | XOM: mild Tmut miscast
  5425 | D:6      | XOM: confusion (+ monsters)
  5440 | D:6      | Killed a cyclops
  5440 | D:6      | Reached skill level 9 in Fighting
  5440 | D:6      | Reached XP level 9. HP: 40/83 MP: 9/9
  5483 | D:6      | XOM: 3-stop teleportation journey
  5531 | D:6      | XOM: 5-stop teleportation journey
  5550 | D:6      | XOM: harmless Air miscast
  5650 | D:6      | XOM: summons 3 hostile shadow creatures
  6469 | D:7      | Found an opulent altar of Gozag.
  6547 | D:7      | Noticed a two-headed ogre
  6548 | D:7      | Lost mutation: You have large cloven feet. [potion of mutation]
  6548 | D:7      | Gained mutation: You are agile. (Dex +2) [potion of mutation]
  6548 | D:7      | Gained mutation: You have an increased reservoir of magic. (+10% MP) [potion of mutation]
  6568 | D:7      | Killed a two-headed ogre
  6568 | D:7      | Reached skill level 10 in Fighting
  6664 | D:7      | Reached XP level 10. HP: 29/94 MP: 11/11
  6678 | D:7      | XOM: summons 5 friendly demons
  6688 | D:7      | XOM: harmless Tloc miscast
  6739 | D:7      | XOM: cast spell 'Death Channel'
  6765 | D:7      | HP: 4/94 [orc wizard/puff of flame (3)]
  6810 | D:7      | XOM: give mutations
  6810 | D:7      | Gained mutation: You are partially covered in rugged brown scales. (AC +1, +3% HP) [Xom's mischief]
  6810 | D:7      | Lost mutation: You are agile. (Dex +2) [Xom's mischief]
  6810 | D:7      | Gained mutation: Your body sometimes deteriorates upon taking damage. [Xom's mischief]
  6861 | D:7      | XOM: silly message
  6916 | D:7      | Found a flagged portal.
  6965 | Bailey   | Entered a bailey
  7003 | Bailey   | XOM: harmless Chrm miscast
  7212 | Bailey   | Noticed panurg's ghost (novice MiGl)
  7242 | Bailey   | XOM: potion effect (heal wounds)
  7250 | Bailey   | Killed panurg's ghost
  7250 | Bailey   | Reached skill level 10 in Maces & Flails
  7463 | Bailey   | XOM: god gift: scroll of fog
  7492 | Bailey   | XOM: medium Tmut miscast
  7507 | Bailey   | Reached skill level 11 in Fighting
  7562 | Bailey   | Noticed an orc knight
  7637 | Bailey   | Noticed an orc knight
  7637 | Bailey   | Noticed an orc knight
  7656 | Bailey   | XOM: divination: magic mapping
  7662 | Bailey   | Slain by an orc knight

Skill      XL: |  1  2  3  4  5  6  7  8  9 10 |
---------------+-------------------------------+-----
Fighting       | 4 5 6 7 9 10 11 | 11.0
Maces & Flails | 4 5 6 8 9 10 | 10.1
Armour         | 3 4 6 8 9 |  9.0
Dodging        | |  0.7

Action                   |  1- 3 |  4- 6 |  7- 9 | 10-12 || total
-------------------------+-------+-------+-------+-------++-------
Melee: Mace              |    78 |       |       |       ||    78
       Whip              |    32 |   115 |   225 |   109 ||   481
       Kick              |     5 |    11 |    57 |       ||    73
Evoke: Wand              |       |       |       |     7 ||     7
  Use: Scroll            |     3 |       |     8 |     1 ||    12
       Potion            |       |     2 |    18 |       ||    20
 Stab: Paralysed         |     1 |       |     5 |       ||     6
       Confused          |     1 |       |       |       ||     1
  Eat: Chunk             |     8 |     8 |     5 |     2 ||    23
       Royal jelly       |       |       |       |     1 ||     1
Armor: Leather armour    |    44 |    25 |       |       ||    69
       Plate armour      |       |    37 |    90 |    55 ||   182
       Skin              |       |     2 |     4 |       ||     6
Dodge: Dodged            |    70 |    61 |    41 |    20 ||   192
